[Event "26th Triest Festival 2024"]
[Site "Triest"]
[Date "2024.09.04"]
[Round "7.1"]
[White "Bosiocic, Marin"]
[Black "Baklan, Vladimir"]
[Result "1/2-1/2"]
[ECO "A17"]
[WhiteElo "2555"]
[BlackElo "2535"]
[Annotator "RC"]
[PlyCount "187"]
[EventDate "2024.09.02"]
[EventType "swiss"]
[EventCountry "ITA"]
[SourceTitle "playchess.com"]
[Source "ChessBase"]
[SourceQuality "1"]
[TimeControl "5400+30"]

1. Nf3 Nf6 2. c4 e6 3. g3 b6 4. Bg2 Bb7 5. O-O Be7 6. Nc3 Ne4 7. Nxe4 Bxe4 8. d3 Bb7 9. e4 c5 10. Re1 O-O 11. d4 cxd4 12. Nxd4 Nc6 13. e5 Na5 14. Bxb7 Nxb7 15. Qg4 f5 16. exf6 Bxf6 17. Be3 Qc8 18. b3 Nd8 19. Rad1 Qb7 20. Qf3 d5 21. Qg2 dxc4 22. Qxb7 Nxb7 23. Nxe6 Rfc8 24. Rd7 cxb3 25. axb3 Nc5 26. Bxc5 bxc5 27. g4 c4 28. bxc4 Rxc4 29. g5 Bc3 30. Re3 Re8 31. Rxa7 Rc6 32. Nf4 Rxe3 33. fxe3 Be5 34. Nd3 Bc7 35. h4 Rc3 36. Kf2 Bd6 37. Ke2 Rc8 38. Rd7 Bg3 39. Kf3 Bh2 40. h5 Re8 41. g6 hxg6 42. hxg6 Kf8 43. Nf4 Bxf4 44. Rf7+ Kg8 45. exf4 Re6 46. f5 Re1 47. Rc7 Kf8 48. Kf4 Rf1+ 49. Ke5 Re1+ 50. Kd6 Rd1+ 51. Ke6 Re1+ 52. Kd5 Rd1+ 53. Ke4 Re1+ 54. Kd3 Rf1 55. Rf7+ Kg8 56. Ke4 Re1+ 57. Kd5 Rd1+ 58. Ke6 Re1+ 59. Kd7 Re5 60. Kd6 Ra5 61. Ke6 Ra6+ 62. Ke5 Ra5+ 63. Kf4 Ra4+ 64. Kg5 Ra1 65. Rd7 Kf8 66. Kf4 Rf1+ 67. Ke5 Re1+ 68. Kd6 Rd1+ 69. Kc7 Rc1+ 70. Kd8 Rc5 71. Rf7+ Kg8 72. Kd7 Re5 73. Kd6 Ra5 74. Ke6 Ra6+ 75. Ke5 Ra5+ 76. Kf4 Ra4+ 77. Kg5 Ra1 78. Rc7 Kf8 79. Rc4 Rf1 80. Rc8+ Ke7 81. Rg8 Rg1+ 82. Kf4 Rf1+ 83. Ke4 Re1+ 84. Kd3 Kf6 85. Rf8+ Kg5 86. Kd4 Ra1 87. Ke5 Ra5+ 88. Ke6 Ra6+ 89. Ke7 Ra7+ 90. Ke8 Ra5 91. Rf7 Kh6 92. Rf8 Kg5 93. Ke7 Ra7+ 94. Ke8 1/2-1/2

[Event "26th Triest Festival 2024"]
[Site "Triest"]
[Date "2024.09.04"]
[Round "7.2"]
[White "Valsecchi, Alessio"]
[Black "Doric, Darko"]
[Result "1-0"]
[ECO "B12"]
[WhiteElo "2475"]
[BlackElo "2443"]
[Annotator "TA"]
[PlyCount "93"]
[EventDate "2024.09.02"]
[EventType "swiss"]
[EventCountry "ITA"]
[SourceTitle "playchess.com"]
[Source "ChessBase"]
[SourceQuality "1"]
[TimeControl "5400+30"]

1. e4 c6 2. d4 d5 3. e5 c5 4. Nf3 cxd4 5. Qxd4 Nc6 6. Qf4 e6 7. Nc3 Nb4 8. Qd2 {[%emt 0:00:54] The position is equal.} Ne7 9. a3 Nbc6 10. Bd3 Ng6 11. Bxg6 hxg6 12. Qd3 Be7 13. O-O Bd7 14. Re1 a6 15. h3 Rc8 16. Ne2 Na5 17. Ned4 Nc6 18. c3 Nxd4 19. cxd4 Bb5 20. Qd1 a5 21. a4 Ba6 22. Bd2 O-O 23. Re3 Rc4 24. b3 Rc8 25. Qe1 b6 26. b4 axb4 27. Bxb4 Rc6 28. Rb3 Bc4 29. Rba3 Bxb4 30. Qxb4 Be2 31. Ne1 Qh4 32. Qd2 Ba6 33. a5 {[%emt 0:03:02] aiming for axb6.} Rb8 34. axb6 Rbxb6 35. Nf3 Qe7 36. Qf4 f6 (36... Bb7 $16) 37. Qg3 $18 {[%emt 0:01:38] Threatens to win with exf6.} Qf7 38. h4 Bc8 39. Ra7 $36 {[%emt 0:01:17][%mdl 2048] White is really pushing.} Bb7 40. Ra8+ $2 (40. exf6 $18 {Black must now prevent Ng5.} gxf6 41. Nh2) 40... Rc8 $2 {[%emt 0:01:32] [#]} (40... Bxa8 $11 {and Black is okay.} 41. Rxa8+ Kh7) 41. Rxc8+ $1 Bxc8 {[%emt 0:00:01] Black is weak on the dark squares} 42. Rc1 {[%emt 0:01:39] Dodges Rc6} Bd7 (42... Ba6 43. exf6 gxf6) 43. exf6 gxf6 44. Qc7 {[%emt 0:00:17] Prevents Rc6} Ra6 45. Qd8+ Kg7 (45... Be8 $142 46. Rc8 Ra1+ 47. Kh2 Ra7 48. Qxe8+ Qxe8 49. Rxe8+ Kf7) 46. Rc7 Rd6 {[%emt 0:00:36] [#]} 47. Ne5 $1 {[%emt 0:00:21][%mdl 512] Weighted Error Value: White=0.13 (very precise) /Black=0.27 (precise) .  Loses game:     	---       	Black=1      Missed win:     	White=1     	---        Mistake:       	---       	Black=3      Inaccurate:     	White=1     	Black=4      OK:         	White=19    	Black=10     Best:        	White=2     	Black=1      Strong:       	White=1     	---} 1-0

[Event "26th Triest Festival 2024"]
[Site "Triest"]
[Date "2024.09.04"]
[Round "7.3"]
[White "Fischer, Daniel"]
[Black "Barp, Alberto"]
[Result "0-1"]
[ECO "C78"]
[WhiteElo "2349"]
[BlackElo "2431"]
[Annotator "TA"]
[PlyCount "120"]
[EventDate "2024.09.02"]
[EventType "swiss"]
[EventCountry "ITA"]
[SourceTitle "playchess.com"]
[Source "ChessBase"]
[SourceQuality "1"]
[TimeControl "5400+30"]

1. e4 e5 2. Nf3 Nc6 3. Bb5 a6 4. Ba4 Nf6 5. O-O b5 6. Bb3 Bc5 7. c3 d6 8. d4 Bb6 9. Be3 O-O 10. Nbd2 Re8 11. h3 h6 12. Re1 exd4 13. cxd4 Nb4 14. e5 {[%emt 0:12:50] The position is equal.} (14. Qe2 $5) 14... dxe5 15. dxe5 Bxe3 16. Rxe3 (16. exf6 Bxf2+ 17. Kxf2 Nd3+ (17... gxf6 $2 18. Rxe8+ Qxe8 19. Ne1 $18) 18. Kf1 Nxe1 19. Nxe1 Qxf6+ (19... gxf6 20. Qf3 $16) 20. Qf3 Qxf3+ 21. Nexf3 c5 $15) (16. fxe3 $11 Nh7 17. Re2) 16... Nfd5 $15 17. Re2 Bf5 ({Black should try} 17... Bb7 $15) 18. Ne4 $11 {[%emt 0:07:21] Ng3 is the strong threat.} Nf4 19. Rd2 Qe7 20. Ng3 Bg6 21. Ne2 Nxe2+ 22. Qxe2 {[%emt 0:00:04] And now a3 would win.} Rad8 23. Rxd8 Rxd8 24. a3 {[%emt 0:12:28] Wards off c5} (24. e6 $11 fxe6 25. Qxe6+ Qxe6 26. Bxe6+ Kf8 27. Ne5) 24... Nd3 $15 25. Rd1 {[%emt 0:00:34] [#]} c5 $1 {[%emt 0:06:56] Black continues to play with concentration.} 26. Ne1 c4 {[%emt 0:05:13] Black is much more active.} (26... Nxe5 $2 27. Rxd8+ Qxd8 28. Qxe5 $18) 27. Nxd3 (27. Bc2 $1 $15) 27... Bxd3 $19 ({Weaker is} 27... cxd3 28. Qe3 $17) (27... Rxd3 28. Bc2 Rxd1+ 29. Bxd1 $17) 28. Qe3 Bg6 29. Rxd8+ Qxd8 {[%emt 0:00:11][%mdl 4096] Endgame. KQB-KQB} 30. Ba2 Qd1+ 31. Kh2 Qa1 {[%emt 0:00:52][%cal Oa1b2] Hoping for ...Qxb2!} 32. e6 fxe6 (32... Qxa2 33. e7 f5 34. e8=B Bxe8 35. Qxe8+ Kh7 36. Qe5 $17) 33. Qxe6+ Bf7 34. Qc8+ Kh7 35. Qb7 Bg6 ({Less strong is} 35... Qxa2 36. Qxf7 Qxb2 37. Qf5+ g6 38. Qc5 $17) 36. Qxa6 $2 (36. Bxc4 bxc4 37. Qxa6) 36... Qxb2 37. Bxc4 bxc4 38. Qxc4 Qxf2 39. a4 Qc2 40. Qg4 Be8 41. a5 Qc7+ 42. Kh1 Qxa5 43. Qe4+ Bg6 44. Qg4 Qe1+ 45. Kh2 Qe4 46. Qd1 Qf4+ 47. Kg1 Be4 48. Qe2 Bf5 49. Qb5 Be4 50. Qe2 Bd5 51. Qc2+ Qe4 52. Qd2 Kg6 53. Qf2 Kh7 $2 (53... Kh5 {mates} 54. Kh1 Kg6 55. Kh2 Qe6 56. Qg3+ Kh7 57. Qd3+ Be4 58. Qg3 Qf6 59. Qg4 Qe5+ 60. Kg1 Bc6 61. Kf2 Qg5 62. Qxg5 hxg5 63. g4 Kg6 64. Kf1 Kf6 65. Kf2 Ke5 66. Kg3 Bb7 67. h4 gxh4+ 68. Kxh4 Kf4 69. g5 Be4 70. Kh3 Kxg5 71. Kg3 Kf5 72. Kh2 Kf4 73. Kg1 g5 74. Kf2 g4 75. Kf1 g3 76. Ke2 g2 77. Kf2 Ba8 78. Kg1 Ke3 79. Kh2 Kf2 80. Kh3 g1=Q (80... g1=R $2 {leads to mate.} 81. Kh4 Bf3 82. Kh3 Rh1#) 81. Kh4 Qg6 82. Kh3 Qh5#) 54. Kh2 $2 {[%emt 0:00:18][%mdl 8192] [#]} (54. Qd2 $11 Qe5 55. Qd1) 54... g5 55. Kh1 Kg6 56. Kg1 Qe6 57. Qc2+ Be4 58. Qf2 Qc6 59. Qd2 Qc5+ 60. Kf1 Bd5 {[%emt 0:01:28] Weighted Error Value: White=0.63/Black=0.16 (very precise) .  Loses game:     	White=1     	---        Mistake:       	White=3     	Black=1      Inaccurate:     	White=1     	---        OK:         	White=11    	Black=10     Best:        	White=1     	Black=6      Strong:       	---       	Black=1} 0-1

[Event "26th Triest Festival 2024"]
[Site "Triest"]
[Date "2024.09.04"]
[Round "7.4"]
[White "Wong, Zhenyong Jayden"]
[Black "Gong, Qianyun"]
[Result "1-0"]
[ECO "A25"]
[WhiteElo "2397"]
[BlackElo "2250"]
[Annotator "TA"]
[PlyCount "55"]
[EventDate "2024.09.02"]
[EventType "swiss"]
[EventCountry "ITA"]
[SourceTitle "playchess.com"]
[Source "ChessBase"]
[SourceQuality "1"]
[TimeControl "5400+30"]

1. c4 e5 2. g3 Nc6 3. Bg2 f5 4. Nc3 Nf6 5. e3 d6 6. d4 g6 7. b4 Bg7 8. b5 {[%emt 0:02:56] White has an edge.} (8. Bxc6+ bxc6 9. dxe5 dxe5 10. Qxd8+ Kxd8 $17) 8... Ne7 9. Nge2 e4 10. f3 Be6 11. Qa4 O-O 12. Nf4 Bf7 13. fxe4 fxe4 14. Nxe4 Nxe4 15. Bxe4 g5 16. Ne2 d5 17. Bd3 Bh5 18. Qc2 h6 19. h4 {[%emt 0:04:17] [#] And now hxg5 would win.} Qd6 $1 20. hxg5 Bxe2 21. Qxe2 {[%emt 0:00:48] Black must now prevent Qg4.} (21. Kxe2 $2 Qxg3 22. Bh7+ Kh8 $19) 21... Qxg3+ 22. Kd1 $1 {[%emt 0:00:02] Rb1 is the strong threat.} Rf2 23. Qh5 Bxd4 (23... hxg5 $6 24. Rb1 $16) 24. Rb1 {[%emt 0:03:42] aiming for cxd5. The board is on fire.} (24. Bh7+ Kxh7 25. exd4 Kg8 $17 (25... dxc4 26. Qxh6+ Kg8 27. Qe6+ Rf7 28. Rh3 $11) (25... Qd3+ 26. Ke1 $17)) 24... Bxe3 $2 {[%emt 0:06:58] [#] A mistake that costs the game.} (24... Rd8 $11 {and Black stays safe.} 25. Rb3 Be5 (25... Bxe3 $2 26. Bxe3 dxc4 27. Bxf2 $18)) 25. Rb3 $1 $18 d4 (25... Rxa2 $2 {perishes.} 26. Bh7+ (26. gxh6 Kh8 $16) 26... Kf8 27. Rxe3 $18 (27. Bxe3 Qg2 $18)) 26. Qxh6 Qf3+ 27. Ke1 {[%emt 0:00:01][%cal Oc4c5] Threatens to win with c5!} Rd2 $2 (27... Qg3 $18 28. Qh7+ Kf8) 28. Qe6+ {[%emt 0:01:07] Weighted Error Value: White=0.07 (flawless) /Black=0.46.  Loses game:     	---       	Black=1      Mistake:       	---       	Black=1      Inaccurate:     	White=2     	---        OK:         	White=6     	Black=6      Best:        	White=2     	Black=2      Strong:       	White=2     	Black=1} (28. Bxd2 $2 {is a self mate.} Qf2+ 29. Kd1 Qxd2#) 1-0

[Event "26th Triest Festival 2024"]
[Site "Triest"]
[Date "2024.09.04"]
[Round "7.6"]
[White "Lumachi, Gabriele"]
[Black "Chia, Yu Zhe Ashton"]
[Result "1-0"]
[ECO "A10"]
[WhiteElo "2440"]
[BlackElo "2224"]
[Annotator "TA"]
[PlyCount "85"]
[EventDate "2024.09.02"]
[EventType "swiss"]
[EventCountry "ITA"]
[SourceTitle "playchess.com"]
[Source "ChessBase"]
[SourceQuality "1"]
[TimeControl "5400+30"]

1. c4 f5 2. g3 Nf6 3. Bg2 e6 4. Nf3 d5 5. O-O Be7 6. d3 O-O 7. b3 c5 8. Bb2 Nc6 9. cxd5 {[%emt 0:00:58] White is slightly better.} exd5 10. Nbd2 (10. e3 $14) 10... Qe8 11. e3 b6 12. a3 Ba6 13. Qc2 (13. Nb1 {simplifies} Bb7 14. Nc3 d4 15. exd4 Nxd4 16. Nxd4 Bxg2 17. Kxg2 cxd4 18. Ne2) 13... Rc8 14. Rfe1 Qg6 (14... Qd7 $11) 15. Nh4 Qh5 16. Bf3 (16. Rac1 $14) 16... Ng4 $1 $11 17. Bxd5+ Kh8 {[%emt 0:00:29] [#] White must now prevent ...f4.} 18. Ndf3 Bf6 (18... f4 $1 $11 19. Be4 Bxh4 20. Nxh4 fxg3 21. fxg3 Qg5) 19. h3 (19. Bxf6 $14 Nxf6 20. Bxc6 Rxc6 21. Ne5) 19... Nge5 20. Nxe5 Nxe5 21. Bxe5 (21. Red1 {is more complex.} Rfd8 22. Be6 Rc6 23. Bxe5 Bxe5 24. d4) 21... Bxe5 22. Qd1 Qxd1 23. Raxd1 Bc3 24. Re2 Be5 (24... Rcd8 $11 25. e4 g6) 25. Ree1 (25. f4 $16 Bb8 26. a4 (26. Be6 Rce8 $14)) 25... Bc3 26. Re2 Rcd8 27. e4 fxe4 28. Bxe4 g6 29. f4 Rd6 30. Kg2 Rfd8 31. Nf3 Kg7 32. h4 Bc8 {[%emt 0:00:00] A strong pair of Bishops.} (32... Bxd3 $11 {keeps the balance.} 33. Bxd3 Rxd3 34. Re7+ Kg8 35. Rxd3 Rxd3) 33. Rc2 Bf6 34. b4 cxb4 35. axb4 a5 (35... Bg4 $16 {was necessary.}) 36. bxa5 bxa5 37. Rc7+ R6d7 38. Rdc1 Ba6 {[%emt 0:07:00] [#]} 39. Ne5 $1 Bxe5 (39... Rxc7 $142 40. Rxc7+ Kg8) 40. fxe5 $18 {[%emt 0:00:05][%cal Bf4e5,Be5e6,Be6e7][%mdl 32] Hoping for e6.} a4 $2 (40... Kf8 41. Kf2 Rxc7 42. Rxc7 Bxd3) 41. e6 {[%emt 0:00:56] White is clearly winning.} Rxc7 42. Rxc7+ Kf6 43. e7 {[%emt 0:10:03] Weighted Error Value: White=0.16 (very precise) /Black=0.30.  Mistake:       	White=4     	Black=7      Inaccurate:     	---       	Black=3      OK:         	White=10    	Black=7      Best:        	White=3     	Black=3      Strong:       	White=1     	Black=1} ({Stronger than} 43. Rxh7 Bxd3 44. Bxd3 Rxd3 $14) 1-0

[Event "26th Triest Festival 2024"]
[Site "Triest"]
[Date "2024.09.04"]
[Round "7.7"]
[White "Marn, Jan"]
[Black "Lohia, Sohum"]
[Result "1/2-1/2"]
[ECO "D02"]
[WhiteElo "2344"]
[BlackElo "2402"]
[Annotator "TA"]
[PlyCount "129"]
[EventDate "2024.09.02"]
[EventType "swiss"]
[EventCountry "ITA"]
[SourceTitle "playchess.com"]
[Source "ChessBase"]
[SourceQuality "1"]
[TimeControl "5400+30"]

1. d4 Nf6 2. Nf3 d5 3. Bf4 e6 4. e3 Bd6 5. Nbd2 O-O 6. Bd3 {[%emt 0:01:04] D02: 1 d4 d5 2 Nf3 sidelines, including 2...Nf6 3 g3 and 2...Nf6 3 Bf4.} c5 7. c3 Bxf4 8. exf4 cxd4 9. Nxd4 Qc7 10. g3 e5 11. fxe5 Qxe5+ 12. Qe2 Qc7 13. O-O Re8 14. Qd1 Nc6 15. N2f3 Bg4 16. Qc2 Ne5 $146 (16... Rad8 $11) ({Predecessor:} 16... g6 17. Rfe1 Rad8 18. Bf1 Qc8 19. Bg2 Ne4 20. Re3 Na5 21. b3 Nc6 22. Rae1 Bxf3 23. Nxf3 {1-0 Vitier Vazquez,C (2419)-Fernandez Mayola,R (2332) La Habana Isla 2022 (4)}) 17. Nxe5 $14 Rxe5 18. f3 Bd7 19. Rfe1 Rae8 20. Qd2 h5 21. Rxe5 (21. Bc2 {simplifies} Qb6 22. Rxe5 Rxe5 23. Bd3) 21... Qxe5 22. Kf2 h4 23. Re1 hxg3+ (23... Qxe1+ {simplifies} 24. Qxe1 hxg3+ 25. hxg3 Rxe1 26. Kxe1 Kf8) 24. hxg3 Qh5 (24... Qxe1+ {simplifies} 25. Qxe1 Rxe1 26. Kxe1 Kf8) 25. Rxe8+ Nxe8 26. Kg1 Qe5 27. Kg2 Nf6 28. Qe2 Qd6 29. Qe3 Qb6 30. Qf2 Qd6 31. Ne2 b6 32. Qd4 Qe6 33. Qf4 Ne8 34. Kf2 Qf6 35. Qxf6 (35. Ke3 {seems wilder.} Kf8 36. Bc2 Qe7+ 37. Kd2) 35... Nxf6 36. Ke3 Kf8 37. Kd4 Ke7 38. Ke5 Be6 39. Bb5 Ng8 40. Nf4 f6+ 41. Kd4 Kd6 $1 42. g4 Bf7 43. Ng2 Ne7 44. Ne3 Be6 45. f4 Bc8 46. Be8 g5 47. fxg5 fxg5 48. b4 Be6 49. b5 Ng8 50. Bg6 $1 Ne7 51. Bh7 Bd7 52. a4 Be8 53. Bd3 Bd7 54. Bh7 Be8 55. Bf5 Bf7 56. Bc2 Be6 57. Bh7 Bf7 58. Bf5 Be8 59. Bh7 Bf7 60. Bb1 Be6 61. Ba2 Bf7 62. Bb3 Be6 63. Ba2 Bf7 64. Bb1 Be6 65. Bf5 1/2-1/2

[Event "26th Triest Festival 2024"]
[Site "Triest"]
[Date "2024.09.04"]
[Round "7.9"]
[White "Willems, Niels"]
[Black "Schlegel, Igor"]
[Result "1/2-1/2"]
[ECO "D00"]
[WhiteElo "2384"]
[BlackElo "2212"]
[Annotator "TA"]
[PlyCount "173"]
[EventDate "2024.09.02"]
[EventType "swiss"]
[EventCountry "ITA"]
[SourceTitle "playchess.com"]
[Source "ChessBase"]
[SourceQuality "1"]
[TimeControl "5400+30"]

1. d4 d5 2. Nc3 Bf5 3. f3 Bg6 4. e4 dxe4 5. fxe4 e5 6. d5 ({White should play} 6. Nf3 $11) 6... Bb4 $15 7. Bb5+ c6 8. dxc6 {[%emt 0:00:54] Black is better.} Qxd1+ (8... Nxc6 9. Qxd8+ Rxd8 10. Nf3 $15) 9. Kxd1 Nxc6 (9... bxc6 $2 10. Bd3 $19) 10. Nge2 O-O-O+ 11. Bd3 f5 12. Ng3 (12. exf5 $17 Bxf5 13. Rf1) 12... f4 $19 13. Nge2 Nf6 14. Bd2 Ng4 15. Ke1 {[%emt 0:04:58] Wards off Nf2} Bc5 16. Na4 {[%emt 0:00:27] White is weak on the dark squares} Bf2+ 17. Kf1 Be3 18. Be1 Rhf8 19. Bh4 (19. h3 $142 Nf6 20. Nec3) 19... f3 20. Nec3 Rd7 {[%emt 0:06:27] Hoping for ...Bh6.} 21. gxf3 Nd4 22. Kg2 Nxf3 (22... Rxf3 23. Raf1 Rxf1 24. Rxf1 $17) 23. Bg3 Bg5 (23... Bd4 $19 {aiming for ...Ne3+.} 24. Nd1 h5) 24. Nd1 $17 Nd2 {[%emt 0:01:03] Dodges Rf1} 25. Nac3 h5 (25... Bh5 $17 {...Nf6 would now be deadly.} 26. Re1 Rff7) 26. h3 $15 h4 (26... Nh6 $15 27. h4 Bf4) 27. Be1 (27. Bxh4 $11 Bxh4 28. hxg4) 27... Nf6 28. Bxd2 Bxd2 29. Rf1 Rh8 $36 {[%emt 0:00:39][%mdl 2048] Black is in control.} 30. Nf2 Rh5 31. Rg1 Rf7 (31... Rg5+ {simplifies} 32. Kh1 Rxg1+ 33. Rxg1 Bh5) 32. Bc4 Rf8 {[%emt 0:00:15] ...Bxc3 is the strong threat.} 33. Bd3 Be3 34. Ncd1 (34. Kh1 $17 Be8 35. Ncd1) 34... Bb6 (34... Rg5+ $19 35. Kf1 Rxg1+ (35... Nxe4 $2 36. Bxe4 Bxe4 37. Nxe3 $18) 36. Kxg1 Bd4 (36... Nxe4 $2 37. Bxe4 Bxe4 38. Nxe3 $18)) 35. Rf1 (35. Kh2 $17 {is a better defense.} Rh6 36. Bc4) 35... Rg5+ $19 36. Kh2 (36. Ng4 $142) 36... Nh5 37. Ng4 Rxf1 38. Bxf1 Bxe4 39. Nc3 Bc6 {[%emt 0:01:04] A strong pair of Bishops.} (39... Bxc2 $2 40. Rc1 $18) 40. Bb5 (40. Bg2 {keeps fighting.}) 40... Bf3 41. Be2 e4 42. Bxf3 exf3 43. Ne4 Bc7+ 44. Kg1 Rf5 (44... Bb6+ 45. Kh2 Rd5 46. b3) 45. Rd1 Nf4 {[%emt 0:00:12] Prevents Rd3} 46. Ngf2 Rf8 47. Kf1 Bb6 48. c4 Bxf2 49. Nxf2 $17 {[%emt 0:00:01][%mdl 4096] Endgame. KRN-KRN} Re8 50. Rd4 g5 51. Ne4 {[%emt 0:01:49] Strongly threatening Nd6+.} Ne2 (51... Nxh3 52. Nd6+ Kd8 53. Nxe8+ Kxe8 54. b4 $16) (51... Rg8 $1 $17 52. Nxg5 Ne2) 52. Nd6+ $15 Kb8 53. Rg4 (53. Nxe8 $11 {and White is okay.} Nxd4 54. Kf2) 53... Rf8 ({Better is} 53... Re6 $19 54. c5 Nf4 55. Rxg5 Nd3 (55... Nxh3 56. Rg8+ Kc7 57. Nb5+ Kd7 58. Rg7+ Re7 59. Rxe7+ Kxe7 60. Nd4 $11) 56. Rg8+ Kc7) 54. Ne4 Nf4 (54... Rf5 $15) 55. Nxg5 $11 Nd3 (55... Rf5 $11) 56. Rxh4 Nxb2 57. Rd4 Rf5 58. h4 Kc7 {[%emt 0:00:28] Against Rd8} 59. Kf2 Kc6 60. Nxf3 Kc5 61. Rd7 (61. Re4 $14 {is superior.}) 61... Nxc4 {[%emt 0:00:18] [#]} (61... Kc6 $1 $11 {keeps the balance.} 62. Rd4 Kc5) 62. Rc7+ $1 $16 ({Reject} 62. Rxb7 $6 Nd2 $11) 62... Kd5 63. Rxb7 Ke4 64. Re7+ Kf4 65. Rd7 {[%emt 0:00:56][%cal Rd7d4] White is more active.} ({Much weaker is} 65. Rxa7 $6 Rb5 $11) 65... Rc5 66. Rxa7 Nd6 67. Ne1 {[%emt 0:00:41] Repels Rc2+} Rd5 {[%emt 0:00:35] Wards off Nd3+} (67... Ne4+ $16 68. Ke2 Kg4) 68. Ng2+ $18 Ke4 69. Re7+ Kd4 70. Nf4 Ra5 71. Ne2+ Kd5 {[%emt 0:00:48][%cal Od6f5] [#]} 72. a4 Nf5 $1 $11 {[%emt 0:00:20] The position is equal.} 73. Rh7 {[%emt 0:00:30] And now Rh5 would win.} Ke5 $1 74. Nc3 Kd4 75. Nb5+ Ke5 76. Nc3 Kd4 77. Nb5+ Ke5 78. Ra7 Rxa7 79. Nxa7 {[%emt 0:00:01] Threatens to win with h5.} Nxh4 {[%emt 0:00:10] KN-KN} 80. Nc8 Nf5 81. a5 Kd5 82. a6 {[%emt 0:00:08] Threatening mate with a7.} Kc6 83. Ke2 (83. a7 $5 Kb7 $8 84. Kf1 $11) 83... Kc7 84. a7 Kb7 {[%emt 0:00:02] [#]} 85. Kd3 $1 Nd6 (85... Ne7 86. Nxe7) 86. Nxd6+ Kxa7 87. Ke4 {[%emt 0:02:45] What a fight!   Weighted Error Value: White=0.29 (precise) /Black=0.31.  Mistake:       	White=10    	Black=10     Inaccurate:     	White=6     	Black=7      OK:         	White=26    	Black=29     Best:        	White=13    	Black=13     Strong:       	White=1     	Black=2} 1/2-1/2

[Event "26th Triest Festival 2024"]
[Site "Triest"]
[Date "2024.09.04"]
[Round "7.10"]
[White "Leszko, Bence"]
[Black "Citak, Selim"]
[Result "1/2-1/2"]
[ECO "B22"]
[WhiteElo "2243"]
[BlackElo "2416"]
[Annotator "TA"]
[PlyCount "21"]
[EventDate "2024.09.02"]
[EventType "swiss"]
[EventCountry "ITA"]
[SourceTitle "playchess.com"]
[Source "ChessBase"]
[SourceQuality "1"]
[TimeControl "5400+30"]

1. e4 c5 2. Nf3 e6 3. c3 Nf6 4. e5 Nd5 5. a3 d6 6. d4 cxd4 7. c4 Ne7 {[%emt 0:04:39] [#] And now ...dxe5 would win.} 8. exd6 Qxd6 9. Nc3 a6 {[%emt 0:04:57] Wards off Nb5} 10. Qxd4 Qxd4 11. Nxd4 {[%emt 0:00:08] Not much happened in this game.   Weighted Error Value: White=0.05 (flawless) /Black=0.18 (very precise) .  Inaccurate:     	---       	Black=2      OK:         	White=3     	Black=1} 1/2-1/2

[Event "26th Triest Festival 2024"]
[Site "Triest"]
[Date "2024.09.04"]
[Round "7.11"]
[White "Candian, Lorenzo"]
[Black "Kanyamarala, Tarun"]
[Result "1/2-1/2"]
[ECO "B30"]
[WhiteElo "2164"]
[BlackElo "2361"]
[Annotator "TA"]
[PlyCount "115"]
[EventDate "2024.09.02"]
[EventType "swiss"]
[EventCountry "ITA"]
[SourceTitle "playchess.com"]
[Source "ChessBase"]
[SourceQuality "1"]
[TimeControl "5400+30"]

1. e4 c5 2. Nf3 Nc6 3. Bb5 Nf6 4. e5 Nd5 5. Nc3 Nc7 6. Bxc6 dxc6 7. h3 Ne6 {[%emt 0:02:06] B30: Sicilian: 2...Nc6 3 Bb5, lines without ...g6.} 8. d3 g6 9. Ne4 Bg7 10. b3 b6 11. Bb2 a5 12. a4 Ra7 $146 ({Predecessor:} 12... f5 13. Neg5 Nd4 14. h4 Qc7 15. Kf1 h6 16. Nh3 Bxe5 17. Nxe5 Qxe5 18. c3 Ne6 {½-½ Kalogeris,I (2427)-Stremavicius,T (2540) Menorca op 3rd 2024 (5)}) 13. Qd2 O-O 14. O-O f5 15. exf6 exf6 16. Rfe1 Re8 17. Re2 f5 18. Nc3 $1 Rae7 19. Rae1 Bb7 20. Nd1 Nd4 $1 21. Nxd4 (21. Rxe7 {simplifies} Rxe7 22. Bxd4 cxd4 23. Rxe7 Qxe7 24. Nb2) 21... cxd4 22. c3 (22. Rxe7 $11 {keeps the balance.} Rxe7 23. Rxe7 Qxe7 24. Bc1) 22... c5 23. cxd4 cxd4 24. Ba3 Qd5 (24... Rxe2 {simplifies} 25. Rxe2 Bd5 26. Rxe8+ Qxe8 27. Nb2 Bxb3 28. Qc1 h5) 25. f3 Re6 26. Nb2 Qxb3 27. Nc4 ({White should play} 27. Qf4 Bd5 (27... Rxe2 28. Rxe2 $17) (27... Qxa3 $2 28. Rxe6 Rxe6 29. Rxe6 $18) 28. Rxe6 Bxe6 29. Nc4 Qxa4 (29... Qxd3 30. Rxe6 Rxe6 31. Qb8+ Kf7 32. Qc7+ Kf6 33. Qd8+ Kf7 34. Qd7+ Kf6 35. Qd8+ Kf7 36. Ne5+ Rxe5 37. Qc7+ Ke8 38. Qc6+ Kd8 39. Qxb6+ Kc8 40. Qc6+ Kd8 41. Qb6+ Kc8 42. Qc6+ Kd8 43. Qa8+ Kc7 44. Qa7+ Kc6 45. Qa8+ Kc7 46. Qa7+ Kc8 47. Qa8+ Kc7 $11) 30. Nd6) 27... Rxe2 ({Better is} 27... Bh6 $1 $17 28. Rxe6 Rxe6 (28... Bxd2 29. Rxe8+ Kf7 30. R8e7+ Kg8 31. Nxd2 $18) 29. Qxh6 Rxe1+ 30. Kh2 Re8 (30... Qxa4 31. Qf8#)) 28. Rxe2 $11 Qxa4 29. Rxe8+ Qxe8 30. Nd6 $1 Qc6 $2 (30... Qa8 $11 {and Black stays safe.}) 31. Qg5 $4 (31. Qe2 $18 {White threatens Qe6+ and mate.} h5 (31... Qd7 $2 32. Qa2+ Kh8 33. Nf7+ $18) 32. Qe7) 31... Qd7 $19 32. Nxb7 Qxb7 33. Qd8+ Kf7 34. Bd6 Bf6 $2 ({Black should try} 34... h6 $19 {Hoping for ...g5.} 35. f4 a4) 35. Qf8+ $11 Ke6 36. Bf4 (36. Ba3 $1 $11 {and White has nothing to worry.}) 36... Be7 $19 37. Qg8+ Kd7 38. Qc4 (38. Qxh7 $17 Qc6 39. Bg5) 38... Qc6 $19 39. Qxd4+ {[%emt 0:00:09] [#]} Kc8 (39... Bd6 $142 $1 {...Qc5 would now be deadly.} 40. Kh1 b5) 40. Qh8+ $19 Bd8 41. d4 $2 (41. Bg5 $17 Qd6 42. Bxd8 Qxd8 43. Qxh7) 41... Qd7 42. Be5 Kb7 43. Qg8 {[%emt 0:00:29] [#]} b5 (43... Bc7 $1 $19 44. f4 a4) 44. d5 $17 Bc7 (44... g5 $142 {Threatens to win with ...a4.} 45. d6 Bb6+ 46. Kh2 Be3) 45. d6 $17 Bb6+ (45... Bxd6 46. Qd5+ Qc6 47. Qxd6 $11) 46. Kh2 a4 (46... Bc5 $17 47. Kg3 Ka7 (47... Bxd6 48. Qd5+ Qc6 49. Qxd6 $11)) 47. Qd5+ $15 Ka7 48. Bc3 Ka6 (48... h6 $15) 49. Qa8+ $11 Ba7 50. Bb4 Kb6 51. Kh1 Ka6 52. Bc5 a3 $1 ({Don't blunder} 52... Qb7 $2 53. Qxa7+ (53. Qxb7+ Kxb7 54. Bxa7 a3 $18) 53... Qxa7 54. Bxa7 $18) 53. Bxa3 Qb7 54. Qe8 Qd5 55. Qc8+ Ka5 56. Qc3+ Ka6 57. Qc8+ Ka5 58. Qc3+ 1/2-1/2